 Dungeon Crawl Stone Soup version 0.15-a0-1646-g393eda0 (webtiles) character file.

379 PolkaDot the Ruinous (level 6, -1/41 HPs)
             Began as a Vampire Conjurer on June 21, 2014.
             Killed from afar by Natasha (8 damage)
             ... with a magic dart
             ... on Level 4 of the Dungeon.
             The game lasted 00:19:01 (3174 turns).

PolkaDot the Ruinous (Vampire Conjurer)             Turns: 3174, Time: 00:19:01

HP  -1/41        AC  4     Str  7      XL: 6   Next: 45%
MP   1/10        EV 12     Int 19      God:
Gold 111         SH  0     Dex 14      Spells:  3 memorised,  2 levels left

rFire  x . .     SeeInvis +     p - +2 short sword (drain)
rCold  + . .     Clarity  .     a - +0 robe
rNeg   + . .     rCorr    .     (no shield)
rPois  .         rRot     .     t - +1 helmet
rElec  .         Spirit   .     (no cloak)
SustAb .         Warding  .     (no gloves)
rMut   .         Stasis   .     (no boots)
Gourm  .                        (no amulet)
MR     .....                    (no ring)
                                e - ring of ice

@: very slightly contaminated, not resistant to hostile enchantments, unstealthy
A: bottle blood, fangs 3, see invisible, wild magic 1, unbreathing
a: Bat Form, Bottle Blood


You were on level 4 of the Dungeon.
You were not thirsty.

You visited 1 branch of the dungeon, and saw 4 of its levels.

You collected 111 gold pieces.

Inventory:

Hand weapons
 p - a +2 short sword of draining (weapon)
Armour
 a - a +0 robe (worn)
 t - a +1 helmet (worn)
Scrolls
 b - a scroll of identify
 d - a scroll of blinking
 f - a scroll of noise {unknown}
 g - a scroll of teleportation {unknown}
 i - a scroll of magic mapping {unknown}
 k - 3 scrolls of immolation {unknown}
 m - a scroll of fog {unknown}
 n - a scroll of remove curse
 r - a scroll of amnesia {unknown}
 s - 2 scrolls of enchant weapon {unknown}
Jewellery
 e - a ring of ice (left hand)
Potions
 j - a potion of brilliance
Books
 c - a book of Conjurations

   Spells                             Type                      Level
   *Magic Dart                        Conjuration                  1
   *Searing Ray                       Conjuration                  2
   Dazzling Spray                     Conjuration/Hexes            3
   *Fulminant Prism                   Conjuration/Hexes            4
   Iskenderun's Mystic Blast          Conjuration                  4
   Iskenderun's Battlesphere          Conjuration/Charms           5


   Skills:
 - Level 2.1 Dodging
 - Level 3.0 Stealth
 - Level 2.0 Spellcasting
 * Level 5.6 Conjurations
 + Level 3.2 Hexes


You had 2 spell levels left.
You knew the following spells:

 Your Spells              Type           Power        Failure   Level  Hunger
a - Magic Dart            Conj           ####         4%          1    #......
f - Fulminant Prism       Conj/Hex       ####......   50%         4    #####..
s - Searing Ray           Conj           #####.       7%          2    ##.....


Dungeon Overview and Level Annotations

Branches:
Dungeon (4/15)
 Temple: D:4-7

Altars:
Elyvilon
Gozag
Xom

Shops:
D:2 *   D:4 *

Annotations:
D:4 Natasha


Innate Abilities, Weirdness & Mutations

You can bottle blood from corpses.
You have razor-sharp teeth.*
You have supernaturally acute eyesight.
You can survive without breathing.*
Your spells are a little harder to cast, but a little more powerful.


Message History

The white imp is severely wounded.
* * * LOW MAGIC WARNING * * *
The white imp hits you. The white imp freezes you. You resist.
The searing ray hits the white imp.
You kill the white imp!
The searing ray hits Natasha.
Natasha is severely wounded.
* * * LOW MAGIC WARNING * * *
Natasha claws you!
You barely miss Natasha. Your bite misses Natasha.
Natasha is severely wounded.
Natasha stares at you.
You feel disoriented. Natasha claws you!
* * * LOW HITPOINT WARNING * * *
Drink which item? (? for menu, Esc to quit)
Okay, then.
Natasha casts a spell at you. The magic dart hits you!
You die...

#.##..# #.#
..# #.# ..#
#.. ..#
#.###.#
#...#.#
#.#.#.#
#....<#
#@#.#.#
#.#.#.# #
#h#.#.#
#.#5#.#.#
#.#.#.#.#.#
#.....#....
#.#.###.#.#.#
#......∩....#
##.........##


You could see Natasha and a shadow imp.

Vanquished Creatures
  The ghost of Shimatora the Cudgeler, an average MiBe of Trog (D:3)
  4 crimson imps (D:3)
  A white imp (D:4)
  3 adders
  4 worms
  3 giant geckos
  An ooze (D:1)
  5 orcs (D:3)
  A ball python (D:1)
  2 giant cockroaches (D:1)
  3 hobgoblins
  3 jackals (D:2)
  8 kobolds
  2 quokkas
  9 bats
  2 giant newts (D:2)
  4 goblins
  4 rats
60 creatures vanquished.

Vanquished Creatures (others)
  4 fulminant prisms (D:3)
4 creatures vanquished.

Grand Total: 64 creatures vanquished

Notes
Turn   | Place    | Note
--------------------------------------------------------------
     0 | D:1      | PolkaDot, the Vampire Conjurer, began the quest for the Orb.
     0 | D:1      | Reached XP level 1. HP: 13/13 MP: 3/3
   248 | D:1      | Reached XP level 2. HP: 19/19 MP: 0/4
   257 | D:1      | Learned a level 2 spell: Searing Ray
  1113 | D:2      | Found Gozag's Nutrition Petition.
  1113 | D:2      | Found an opulent altar of Gozag.
  1259 | D:2      | Reached XP level 3. HP: 24/24 MP: 0/6
  1388 | D:2      | Reached skill level 4 in Conjurations
  2061 | D:3      | Reached XP level 4. HP: 30/30 MP: 7/7
  2104 | D:3      | Found a shimmering altar of Xom.
  2249 | D:3      | Reached XP level 5. HP: 32/35 MP: 1/9
  2327 | D:3      | Learned a level 4 spell: Fulminant Prism
  2423 | D:3      | Reached skill level 1 in Hexes
  2482 | D:3      | Reached skill level 5 in Conjurations
  2699 | D:3      | Found a white marble altar of Elyvilon.
  2722 | D:3      | Noticed Shimatora's ghost (average MiBe)
  2790 | D:3      | Gained mutation: Your spells are a little harder to cast, but a little more powerful. [potion of beneficial mutation]
  2802 | D:3      | Killed Shimatora's ghost
  2802 | D:3      | Reached XP level 6. HP: 14/41 MP: 0/10
  3149 | D:4      | Found Kulelur's General Store.
  3153 | D:4      | Noticed Natasha
  3174 | D:4      | Killed from afar by Natasha

Action                   |  1- 3 |  4- 6 || total
-------------------------+-------+-------++-------
Melee: Unarmed           |    10 |       ||    10
       Dagger            |    17 |       ||    17
       Short sword       |    22 |    81 ||   103
 Cast: Magic Dart        |    36 |     2 ||    38
       Searing Ray       |     6 |    12 ||    18
       Fulminant Prism   |       |     4 ||     4
  Use: Scroll            |     6 |       ||     6
       Potion            |       |     6 ||     6
 Stab: Sleeping          |     4 |       ||     4
       Distracted        |     1 |       ||     1
